 Dungeon Crawl Stone Soup version 0.29.1-15-g9cfb28693d (webtiles) character file.

Game seed: 3312607995578089702

100 javelincjr the Magician (level 4, -1/32 HPs)
             Began as a Demonspawn Hedge Wizard on Mar 27, 2023.
             Slain by an iguana (12 damage)
             ... on level 3 of the Dungeon.
             The game lasted 00:17:28 (3552 turns).

javelincjr the Magician (Demonspawn Hedge Wizard)   Turns: 3552, Time: 00:17:28

Health: -1/32      AC:  8    Str: 19    XL:     4   Next: 47%
Magic:  8/9        EV: 11    Int: 15    God:
Gold:   306        SH:  7    Dex: 15    Spells: 4/9 levels left

rFire   x . .      SeeInvis .   a - +0 dagger
rCold   + . .      Faith    .   u - +0 buckler
rNeg    . . .      Spirit   .   s - +0 leather armour of Entitlement {rPois}
rPois   +          Reflect  .   c - +0 hat
rElec   .          Harm     .   (no cloak)
rCorr   .          Rampage  .   y - +1 pair of gloves {Dex+3}
Will    .....                   C - +0 pair of boots
Stlth   ++........              k - amulet of magic regeneration
HPRegen 0.10/turn               f - +6 ring of strength
MPRegen 0.62/turn               m - ring of ice

@: very slightly contaminated
A: thin metallic scales 1, magic regeneration, condensation shield
a: no special abilities


You were on level 3 of the Dungeon.
You visited 1 branch of the dungeon, and saw 4 of its levels.

You collected 306 gold pieces.

Inventory:

Hand Weapons
 a - a +0 dagger (weapon)
Missiles
 e - 8 poisoned darts
 h - 6 javelins
 q - 2 atropa-tipped darts
 t - 3 boomerangs
Armour
 c - a +0 hat (worn)
 g - a +0 chain mail
 o - the +0 robe "Apsimoam" {Dex+3}
   (You found it on level 4 of the Dungeon)

   Dex:       It affects your dexterity (+3).
 s - the +0 leather armour of Entitlement (worn) {rPois}
   (You found it on level 3 of the Dungeon)

   rPois:     It protects you from poison.
 u - a +0 buckler (worn)
 y - a +1 pair of gloves of dexterity (worn)
 C - a +0 pair of boots (worn)
Jewellery
 f - a +6 ring of strength (left hand)
 k - an amulet of magic regeneration (around neck)
 m - a ring of ice (right hand)
Wands
 A - a wand of iceblast (14)
Scrolls
 i - 3 scrolls of noise {unknown}
 j - 4 scrolls of identify {unknown}
 l - 2 scrolls of fog {unknown}
 p - 2 scrolls of teleportation {unknown}
 w - a scroll of immolation {unknown}
 x - 2 scrolls of vulnerability {unknown}
 z - a scroll of poison {unknown}
 B - a scroll of enchant weapon {unknown}
Potions
 b - a potion of might {unknown}
 d - a potion of magic
 n - 3 potions of curing {unknown}
 r - a potion of invisibility {unknown}
 v - a potion of degeneration {unknown}


   Skills:
 + Level 1.1 Fighting
 + Level 1.0 Armour
 + Level 2.3 Dodging
 - Level 1.7 Stealth
 + Level 3.4 Spellcasting
 + Level 1.7 Conjurations
 + Level 1.8 Summonings
 + Level 1.5 Translocations


You had 4 spell levels left.
You knew the following spells:

 Your Spells              Type           Power      Damage    Failure   Level
a - Magic Dart            Conj           28%        1d4       16%         1
b - Call Imp              Summ           8%         N/A       22%         2
c - Poisonous Vapours     Pois/Air       4%         N/A       43%         2

Your spell library contained the following spells:

 Spells                   Type           Power      Damage    Failure   Level
 Blink                    Tloc           14%        N/A       26%         2
 Slow                     Hex            8%         N/A       30%         1
 Ensorcelled Hibernation  Hex/Ice        6%         N/A       43%         2
 Gell's Gravitas          Tloc           7%         N/A       45%         3
 Lesser Beckoning         Tloc           7%         N/A       45%         3
 Teleport Other           Tloc           7%         N/A       45%         3
 Conjure Flame            Conj/Fire      5%         6-21      54%         3
 Mephitic Cloud           Conj/Pois/Air  4%         N/A       58%         3
 Spider Form              Tmut/Pois      2%         N/A       67%         3
 Anguish                  Hex/Necr       1%         N/A       97%         4
 Corpse Rot               Necr/Pois/Air  2%         N/A       97%         4


Dungeon Overview and Level Annotations

Branches:
Dungeon (4/15)
 Temple: D:4-7

Altars:
Ru
Xom

Shops:
D:1 (


Innate Abilities, Weirdness & Mutations

You are partially covered in thin metallic scales. (AC +2)
You regenerate magic rapidly.
A meltable shield of frost defends you. (SH +4)


Message History

Aim: an iguana (100% to hit)
The magic dart hits the iguana.
The iguana is lightly wounded.
The iguana bites you but does no damage.
Casting: Magic Dart (safe; 16% risk of failure)
Confirm with . or Enter, or press ? or * to list all spells.
Aiming: Magic Dart (safe; 16% risk of failure)
Press: ? - help, Shift-Dir - straight line, f/p - iguana
Aim: an iguana (lightly wounded, 100% to hit)
You miscast Magic Dart.
You are very lightly contaminated with residual magic.
Nothing appears to happen.
You block the iguana's attack.
Casting: Magic Dart (safe; 16% risk of failure)
Confirm with . or Enter, or press ? or * to list all spells.
Aiming: Magic Dart (safe; 16% risk of failure)
Press: ? - help, Shift-Dir - straight line, f/p - iguana
Aim: an iguana (lightly wounded, 100% to hit)
The magic dart hits the iguana.
The iguana is lightly wounded.
You block the iguana's attack. You block the orc's attack.
The iguana bites you. The orc hits you with a +0 hand axe.
You climb upwards.
There is a stone staircase leading down here.
Casting: Magic Dart (safe; 16% risk of failure)
Confirm with . or Enter, or press ? or * to list all spells.
Aiming: Magic Dart (safe; 16% risk of failure)
Press: ? - help, Shift-Dir - straight line, f - iguana
Aim: an iguana (lightly wounded, 100% to hit)
The magic dart hits the iguana.
The iguana is moderately wounded.
The iguana bites you! The orc barely misses you.
Casting: Magic Dart (safe; 16% risk of failure)
Confirm with . or Enter, or press ? or * to list all spells.
Aiming: Magic Dart (safe; 16% risk of failure)
Press: ? - help, Shift-Dir - straight line, f/p - iguana
Aim: an iguana (moderately wounded, 100% to hit)
The magic dart hits the iguana.
The iguana is heavily wounded.
The iguana bites you!
You die...

#........# ##.###
#....#....
....####.### #...##
#.........
#..........# ###..##
#....#....
...........########..#
#....##...
##.#.###........####.#
#....##### #.#.#
#..#####..>##.########
# ##.#.###..#
##..........# #
...#......#
#.l........# #
########..#
#@o........#
...#......#
############
##.#.###..# #.#.# #..#
##.#.###..#
.........## ##########


You could see an iguana and an orc.

Vanquished Creatures
  2 adders (D:3)
  An ufetubus (D:4)
  2 worms
  A dart slug (D:1)
  An orc (D:4)
  4 ball pythons
  10 endoplasms
  A giant cockroach (D:2)
  3 goblins
  9 hobgoblins
  7 jackals
  5 kobolds
  3 quokkas
  3 bats
  3 frilled lizards
  6 rats
61 creatures vanquished.

Vanquished Creatures (others)
  12 fungi (D:3)
  4 toadstools (D:3)
16 creatures vanquished.

Grand Total: 77 creatures vanquished

Notes
Turn   | Place    | Note
-------+----------+-------------------------------------------
     0 | D:1      | javelincjr the Demonspawn Hedge Wizard began the quest for
                  | the Orb.
     0 | D:1      | Reached XP level 1. HP: 13/13 MP: 4/4
   177 | D:1      | Reached skill level 1 in Translocations
   209 | D:1      | Gained mutation: You are partially covered in thin metallic
                  | scales. (AC +2) [demonic ancestry]
   209 | D:1      | Reached XP level 2. HP: 1/19 MP: 0/6
   544 | D:1      | Found a faded altar of an unknown god.
   644 | D:1      | Found Umyum's Antique Weapon Emporium.
  1375 | D:2      | Gained mutation: You regenerate magic rapidly. [demonic
                  | ancestry]
  1375 | D:2      | Reached XP level 3. HP: 6/25 MP: 1/7
  1663 | D:2      | Found a sacrificial altar of Ru.
  2174 | D:3      | Reached skill level 1 in Fighting
  2425 | D:3      | Identified the +0 leather armour of Entitlement {rPois}
  2513 | D:3      | Gained mutation: A meltable shield of frost defends you.
                  | (SH +4) [demonic ancestry]
  2513 | D:3      | Reached XP level 4. HP: 32/32 MP: 4/8
  2827 | D:3      | Reached skill level 1 in Armour
  2855 | D:3      | Found a shimmering altar of Xom.
  3287 | D:4      | Learned a level 2 spell: Call Imp
  3290 | D:4      | Learned a level 2 spell: Poisonous Vapours
  3378 | D:4      | Identified the +0 robe "Apsimoam" {Dex+3}
  3552 | D:3      | Slain by an iguana

Illustrated notes

Levels and vault maps discovered:
D:1:      lemuel_arrival_lava_pool, layout_rooms, serial_shops, shop,
          shapermc_ecumenical_altar_rom_forum, palyth_stone_intersect
D:2:      layout_loops_ring, basic_altar
D:3:      layout_rooms, lemuel_doored_altar, minmay_misc_feat_cross,
          nrook_mini_backslash, minmay_gold_behind_fungi, serial_bayou_crossing
D:4:      layout_gridville, minmay_manual_maat

Skill      XL: |  1  2  3  4 |
---------------+-------------+-----
Translocations | 1 |  1.5
Dodging        | 2 |  2.3
Fighting       | 1 |  1.1
Armour         | 1 |  1.0
Stealth        | |  1.7
Spellcasting   | |  3.4
Conjurations   | |  1.7
Summonings     | |  1.8

Action                   |  1- 3 |  4- 6 || total
-------------------------+-------+-------++-------
Melee: Dagger            |    78 |    32 ||   110
       Punch             |     1 |       ||     1
 Cast: Magic Dart        |   117 |    52 ||   169
       Call Imp          |       |     1 ||     1
 Stab: Sleeping          |     1 |       ||     1
Armor: Robe              |    41 |       ||    41
       Leather armour    |     1 |    12 ||    13
Dodge: Dodged            |    96 |    17 ||   113
Block: Buckler           |       |    27 ||    27
       Other             |       |     1 ||     1
